 Dungeon Crawl Stone Soup version 0.31-a0-7-g51783674b7 (webtiles) character file.

Game seed: 6837551317686432606

185 BlasphemerAmon the Trooper (level 5, -1/47 HPs)
             Began as a Hill Orc Fighter on May 5, 2023.
             Slain by a water moccasin (2 damage)
             ... on level 6 of the Dungeon.
             The game lasted 00:02:40 (2669 turns).

BlasphemerAmon the Trooper (Hill Orc Fighter)       Turns: 2669, Time: 00:02:40

Health: -1/47      AC:  7    Str: 21    XL:     5   Next: 64%
Magic:  5/5        EV: 10    Int:  8    God:
Gold:   77         SH:  4    Dex: 10    Spells: 4/4 levels left

rFire   . . .        a - +0 war axe
rCold   . . .        c - +0 buckler
rNeg    . . .        b - +0 scale mail
rPois   .            (no helmet)
rElec   .            (no cloak)
rCorr   .            (no gloves)
SInv    .            (no boots)
Will    .....        (no amulet) Stlth
                     (no ring)
HPRegen 0.27/turn    (no ring)
MPRegen 0.09/turn

%: no passive effects
@: lethally poisoned (-1 -> -5)
A: no striking features
a: no special abilities


You were on level 6 of the Dungeon.
You visited 1 branch of the dungeon, and saw 4 of its levels.

You collected 77 gold pieces.

Inventory:

Hand Weapons
 a - a +0 war axe (weapon)
Armour
 b - a +0 scale mail (worn)
 c - a +0 buckler (worn)
Jewellery
 j - a ring of protection from cold
Scrolls
 e - a scroll of vulnerability {unknown}
 f - a scroll of magic mapping
 l - 2 scrolls of identify
 m - a scroll of fear {unknown}
 n - a scroll of teleportation {unknown}
 o - a scroll of poison {unknown}
 p - a scroll of blinking {unknown}
 q - a scroll of amnesia {unknown}
Potions
 g - a potion of ambrosia {unknown}
 h - a potion of resistance {unknown}
 i - a potion of heal wounds {unknown}
 k - a potion of attraction {unknown}


   Skills:
 + Level 4.6 Fighting
 + Level 4.2 Axes
 + Level 4.1 Armour
 + Level 1.6 Dodging
 + Level 4.2 Shields


You had 4 spell levels left.
You didn't know any spells.
Your spell library contained the following spells:

 Spells                   Type           Power      Damage    Failure   Level
 Apportation              Tloc           0%         N/A       80%         1
 Necrotise                Necr           0%         1d4       80%         1
 Summon Small Mammal      Summ           0%         N/A       80%         1


Dungeon Overview and Level Annotations

Branches:
Dungeon (3/15)

Altars:
Xom

Shops:
D:2 ((


Message History

You feel sick.
You are no longer poisoned.
The water moccasin barely misses you. The water moccasin bites you.
You miss the water moccasin.
The water moccasin is moderately wounded.
The water moccasin bites you. The water moccasin misses you.
You hit the water moccasin but do no damage.
The water moccasin is moderately wounded.
The water moccasin closely misses you. x2
You hit the water moccasin.
The water moccasin is heavily wounded.
The water moccasin bites you.
You slash the water moccasin!
The water moccasin is severely wounded.
The water moccasin closely misses you.
The water moccasin bites you but does no damage.
You closely miss the water moccasin.
The water moccasin is severely wounded.
The water moccasin completely misses you.
The water moccasin bites you.
You barely miss the water moccasin.
The water moccasin is severely wounded.
The water moccasin closely misses you. The water moccasin bites you.
You miss the water moccasin.
The water moccasin is severely wounded.
You block the water moccasin's attack. The water moccasin bites you.
You are poisoned.
The water moccasin poisons you!
You closely miss the water moccasin.
The water moccasin is severely wounded.
You feel very sick. The water moccasin bites you.
* * * LOW HITPOINT WARNING * * *
The water moccasin bites you.
* * * LOW HITPOINT WARNING * * *
You closely miss the water moccasin.
The water moccasin is severely wounded.
* * * LOW HITPOINT WARNING * * *
You feel sick. The water moccasin bites you.
You die...

.## ...## #.).#
#####
##..#####...#
###...S.#....#
.......@.....#
.............#
.............#
.............#
##########....#
######


You could see a water moccasin.

Vanquished Creatures
  Robin (D:3)
  3 gnolls (D:2)
  6 adders
  4 worms
  5 dart slugs
  3 endoplasms
  2 giant cockroaches
  16 goblins
  3 hobgoblins
  4 jackals (D:1)
  2 quokkas (D:3)
  6 ball pythons
  4 bats
  3 frilled lizards
  6 kobolds
  4 rats
72 creatures vanquished.

Notes
Turn   | Place    | Note
-------+----------+-------------------------------------------
     0 | D:1      | BlasphemerAmon the Hill Orc Fighter began the quest for the
                  | Orb.
     0 | D:1      | Reached XP level 1. HP: 19/19 MP: 1/1
   109 | D:1      | Reached XP level 2. HP: 27/27 MP: 2/2
   477 | D:1      | Reached XP level 3. HP: 33/33 MP: 3/3
  1046 | D:2      | Reached skill level 1 in Dodging
  1048 | D:2      | Reached XP level 4. HP: 15/40 MP: 4/4
  1056 | D:2      | HP: 2/40 [gnoll/+0 spear (2)]
  1644 | D:2      | Found Vaumic's Antique Weapon Shop.
  1819 | D:2      | Found Cosy's Weapon Shoppe.
  2123 | D:2      | Reached XP level 5. HP: 40/47 MP: 5/5
  2179 | D:2      | Found a faded altar of an unknown god.
  2474 | D:3      | Noticed Robin
  2500 | D:3      | Killed Robin
  2646 | D:3      | Found a shimmering altar of Xom.
  2646 | D:3      | You fall into a shaft and drop 3 floors!
  2651 | D:6      | Noticed a water moccasin
  2669 | D:6      | HP: 1/47 [poisoned by a water moccasin]
  2669 | D:6      | Slain by a water moccasin

Illustrated notes

Levels and vault maps discovered:
D:1:      amcnicky_arrival_flooded_fountain, layout_loops_ring, serial_forest,
          infiniplex_forest_clump_medium, infiniplex_forest_clump_small,
          infiniplex_forest_straight_4, infiniplex_forest_clump_curved,
          infiniplex_forest_lined_4_way, infiniplex_forest_fountain,
          infiniplex_forest_clump_medium, infiniplex_forest_lined_room_,
          infiniplex_forest_clump_curved, infiniplex_forest_fountain
D:2:      layout_loops_ring, dilly_ecumenical_altar_fadedgnrine, serial_shops,
          shop, nicolae_shop_behind_doors
D:3:      layout_rooms, nicolae_hepliaklqana_monster_ancestors,
          xom_teletrap_fun, serial_shops, shop, minmay_increasing_density,
          uniq_robin
D:6:      layout_cave_pods

Skill      XL: |  1  2  3  4  5 |
---------------+----------------+-----
Axes           | 3 4 |  4.2
Fighting       | 4 |  4.6
Dodging        | 1 |  1.6
Shields        | 4 |  4.2
Armour         | 4 |  4.1

Action                     |  1- 3 |  4- 6 || total
---------------------------+-------+-------++-------
  Melee: War axe           |    54 |   119 ||   173
    Use: Scroll            |     2 |       ||     2
         Potion            |       |     1 ||     1
 Armour: Scale mail        |    22 |    53 ||    75
  Dodge: Dodged            |    26 |    58 ||    84
  Block: Buckler           |    19 |    26 ||    45

Table legend: (Time is in decaauts)
 A = Elapsed time spent in this place.
 B = Non-inter-level travel time spent in this place.
 C = Inter-level travel time spent in this place.
 D = Time resting spent in this place.
 E = Time spent auto-exploring this place.
 F = Levels seen in this place.
 G = Mean time per level.
                   A        B        C        D        E       F      G
               +--------+--------+--------+--------+--------+-----+--------+
         Total |   2729 |   2668 |     61 |    761 |   1493 |   4 |  682.2 |
       Dungeon |   2729 |   2668 |     61 |    761 |   1493 |   4 |  682.2 |
               +--------+--------+--------+--------+--------+-----+--------+

Top non-repeatable levels by time:
     D:2: 1398 daAuts
     D:1: 1044 daAuts
     D:3: 258 daAuts
     D:6: 27 daAuts
